 Dungeon Crawl Stone Soup version 0.26-a0-466-g989023bd0d (webtiles) character file.

Game seed: 3977777960079731539

44 Inarius the Skirmisher (level 3, 0/60 HPs)
             Began as an Ogre Berserker on July 31, 2020.
             Was a Follower of Trog.
             Slain by a hobgoblin
             ... wielding a +0 club
             ... led by Robin
              (6 damage)
             ... on level 2 of the Dungeon.
             The game lasted 00:01:27 (1265 turns).

Inarius the Skirmisher (Ogre Berserker)             Turns: 1265, Time: 00:01:28

Health: 0/60       AC:  5    Str: 22    XL:     3   Next: 62%
Magic:  3/3        EV: 10    Int:  8    God:    Trog [*.....]
Gold:   85         SH:  0    Dex:  8    Spells: 2/2 levels left

rFire    . . .     SeeInvis .   a - +0 mace
rCold    . . .     Faith    .   (no shield)
rNeg     . . .     Spirit   .   b - +0 animal skin
rPois    .         Reflect  .   (helmet restricted)
rElec    .         Harm     .   f - +1 cloak
rCorr    .                      (gloves unavailable)
MR       .....                  (boots unavailable)
Stlth    ..........             (no amulet)
HPRegen  0.20/turn              (no ring)
MPRegen  0.08/turn              (no ring)

@: berserking, very quick
A: large, unfitting armour, tough skin 1
a: Berserk, Renounce Religion


You were on level 2 of the Dungeon.
You worshipped Trog.
Trog was aware of your devotion.
You visited 1 branch of the dungeon, and saw 2 of its levels.

You collected 85 gold pieces.

Inventory:

Hand Weapons
 a - a +0 mace (weapon)
Armour
 b - a +0 animal skin (worn)
 f - a +1 cloak (worn)
Scrolls
 c - a scroll of identify
Potions
 d - 2 potions of brilliance


   Skills:
 + Level 4.5 Fighting
 * Level 3.6 Maces & Flails
 - Level 2.9 Dodging


You had 2 spell levels left.
You didn't know any spells.
Your spell library was empty.

Dungeon Overview and Level Annotations

Branches:
Dungeon (2/15)

Altars:

Annotations:
D:2 Robin


Innate Abilities, Weirdness & Mutations

You are too large for most types of armour.
You have tough skin. (AC +1)


Message History

The hobgoblin misses you. The hobgoblin hits you with a +0 club.
* * * LOW HITPOINT WARNING * * *
Robin hits you with a +0 dagger.
* * * LOW HITPOINT WARNING * * *
The goblin hits you but does no damage.
You closely miss Robin.
The hobgoblin hits you but does no damage.
You sock Robin!
Robin is moderately wounded.
Robin throws the goblin at you!
* * * LOW HITPOINT WARNING * * *
The hobgoblin hits you but does no damage.
The goblin barely misses you. The goblin hits you but does no damage.
You barely miss Robin.
Robin is moderately wounded.
The jackal closely misses you. The hobgoblin hits you with a +0 club.
* * * LOW HITPOINT WARNING * * *
Robin barely misses you. The goblin hits you but does no damage.
The hobgoblin hits you with a +0 club.
You die...

. #...##.######
..#...##......# # .?...#
#.....####.#
#..###..........#
#...............#
##..............#
#........†.....#
.#######g.....###......
.....gg@g.....# .....#
......ghg.....###.###.#
...............##.###.#
.........#####.##.....#.
.........#####..#.....#.
.............##'#.....+.
......................#.
########......).......#.
#..............#.


You could see Robin, a jackal, 3 hobgoblins and 2 goblins.

Vanquished Creatures
  2 adders (D:2)
  An ooze (D:2)
  A leopard gecko (D:1)
  A ball python (D:1)
  A giant cockroach (D:1)
  7 goblins
  2 hobgoblins (D:2)
  3 bats
  A frilled lizard (D:1)
  2 rats
21 creatures vanquished.

Notes
Turn   | Place    | Note
-------+----------+-------------------------------------------
     0 | D:1      | Inarius the Ogre Berserker began the quest for the Orb.
     0 | D:1      | Reached XP level 1. HP: 24/24 MP: 1/1
   611 | D:1      | Reached XP level 2. HP: 31/32 MP: 2/2
  1047 | D:2      | Reached XP level 3. HP: 28/40 MP: 3/3
  1247 | D:2      | Noticed Robin
  1265 | D:2      | Slain by a hobgoblin

Illustrated notes

Levels and vault maps discovered:
D:1:      sevenhm_arrival_forest_fort_small_3, layout_basic
D:2:      minmay_wonky_spiral, layout_basic, serial_park_tiny_1, chequers_jeans,
          makhleb_heckhound_becter, uniq_robin

Skill      XL: |  1  2 |
---------------+-------+-----
Maces & Flails | 3 |  3.6
Fighting       | |  4.5
Dodging        | |  2.9

Action                   || total
-------------------------++-------
Melee: Mace              ||    72
Invok: Berserk           ||     3
  Use: Scroll            ||     2
 Stab: Sleeping          ||     1
Armor: Animal skin       ||    41
Dodge: Dodged            ||    63

Table legend: (Time is in decaauts)
 A = Elapsed time spent in this place.
 B = Non-inter-level travel time spent in this place.
 C = Inter-level travel time spent in this place.
 D = Time resting spent in this place.
 E = Time spent auto-exploring this place.
 F = Levels seen in this place.
 G = Mean time per level.
                   A        B        C        D        E       F      G
               +--------+--------+--------+--------+--------+-----+--------+
         Total |   1297 |   1281 |     16 |    209 |    913 |   2 |  648.5 |
       Dungeon |   1297 |   1281 |     16 |    209 |    913 |   2 |  648.5 |
               +--------+--------+--------+--------+--------+-----+--------+

Top non-repeatable levels by time:
     D:1: 912 daAuts
     D:2: 384 daAuts
